 Dungeon Crawl Stone Soup version 0.29-a0-1047-g7c58e119a4 (webtiles) character file.

Game seed: 8034914552421041754

88 Sobieck the Trooper (level 4, -2/24 HPs)
             Began as a Vine Stalker Fighter on Aug 16, 2022.
             Killed by divine providence
             ... invoked by an orc priest
              (13 damage)
             ... on level 3 of the Dungeon.
             The game lasted 00:03:26 (1677 turns).

Sobieck the Trooper (Vine Stalker Fighter)          Turns: 1677, Time: 00:03:26

Health: -2/24      AC:  6    Str: 18    XL:     4   Next: 53%
Magic:  0/5        EV:  9    Int:  8    God:
Gold:   141        SH:  6    Dex: 22    Spells: 3/3 levels left

rFire   . . .      SeeInvis .   a - +1 dagger (flame) {short}
rCold   . . .      Faith    .   c - +0 buckler
rNeg    . . .      Spirit   +   e - +0 scale mail
rPois   .          Reflect  .   (no helmet)
rElec   .          Harm     .   (no cloak)
rCorr   .          Rampage  .   (no gloves)
Will    .....                   (no boots)
Stlth   +.........              i - amulet of magic regeneration {@e2}
HPRegen 0.88/turn               t - ring of flight
MPRegen 0.49/turn               u - +6 ring of dexterity

@: flying
A: fangs 2, regeneration 1, magic shield, antimagic bite, no potion heal 2
a: no special abilities


You were on level 3 of the Dungeon.
You visited 1 branch of the dungeon, and saw 3 of its levels.

You collected 141 gold pieces.


Innate Abilities, Weirdness & Mutations

You have extremely sharp teeth.
Your natural rate of healing is unusually fast.
When hurt, damage is shared between your health and your magic reserves.
Your bite disrupts and absorbs the magic of your enemies.
Potions cannot restore your health.


   Skills:
 + Level 3.3 Fighting
 * Level 3.2 Short Blades
 - Level 2.4 Armour
 + Level 2.3 Stealth
 - Level 2.6 Shields


You had 3 spell levels left.
You didn't know any spells.
Your spell library contained the following spells:

 Spells                   Type           Power      Damage    Failure   Level
 Conjure Flame            Conj/Fire      0%         6-21      99%         3
 Ignite Poison            Fire/Tmut/Pois 0%         N/A       99%         3
 Sticky Flame             Conj/Fire      0%         2d3       100%        4

Inventory:

Hand Weapons
 a - a +1 dagger of flaming (weapon) {short}
   (You took it off a goblin on level 1 of the Dungeon)
 b - a +0 sling
   (You found it on level 1 of the Dungeon)
 f - a +0 rapier {short}
Missiles
 k - 26 stones {throwing}
Armour
 c - a +0 buckler (worn)
 e - a +0 scale mail (worn)
 h - a +0 leather armour
   (You found it on level 1 of the Dungeon)
 n - a +0 ring mail
   (You found it on level 1 of the Dungeon)
 v - a +0 chain mail
   (You found it on level 3 of the Dungeon)
 y - a +0 robe
   (You found it on level 3 of the Dungeon)
Jewellery
 i - an amulet of magic regeneration (around neck) {@e2}
   (You found it on level 1 of the Dungeon)
 t - a ring of flight (left hand)
   (You found it on level 2 of the Dungeon)
 u - a +6 ring of dexterity (right hand)
   (You found it on level 3 of the Dungeon)
 x - an amulet of faith {!P}
   (You found it on level 3 of the Dungeon)
 z - an amulet of reflection
   (You found it on level 3 of the Dungeon)
Scrolls
 j - 4 scrolls of identify {unknown}
 p - a scroll of vulnerability {unknown}
 q - 2 scrolls of magic mapping {unknown}
 r - a scroll of fear {unknown}
 s - 2 scrolls of blinking {unknown}
Potions
 d - a potion of might
 g - a potion of curing {unknown}
 l - a potion of flight {unknown}
 m - a potion of degeneration {unknown}
 o - a potion of cancellation {unknown}
 w - a potion of mutation {unknown}

Dungeon Overview and Level Annotations

Branches:
Dungeon (3/15) Zot: 16302

Altars:
Dithmenos

Annotations:
D:2 Sigmund

#<#######.##
########.#........#
.........#.#####..#
##.####.##........# #.#
#.##........###### ##.#
#.##.............#
...####.##........####.#
...............).># #.#
#..####.#####.##@.####.#
#..###........#.o......#
........#######.....####
#.#####.#######.#.#.#
#.##..........#.#...#
#.##....#####.#.###.#
#.##...#####.....##.###
#.##.....)o.........#.##
........o.##.........#.##


You could see an orc priest.


Message History

You shoot a sling bullet. The sling bullet hits the bat!
You kill the bat!
No target in view!
No target in view!
You now have 141 gold pieces (gained 11).
j - 4 scrolls labelled YCOS MEDEOMP (gained 1)
An orc priest comes into view. It is wielding a +0 trident.
Found a stone staircase leading up.
Danger!
You shoot a sling bullet. The sling bullet hits the orc priest.
You hear a shout! x2
A giant cockroach comes into view.
You hear a shout!
An orc comes into view. It is wielding a +0 dagger.
The orc priest calls down the wrath of Beogh upon you.
Beogh smites you!
The orc shouts!
An orc comes into view. It is wielding a +0 club.
The orc priest mumbles some strange prayers to Beogh against you.
Beogh smites you!
Ouch! That really hurt!
* * * LOW HITPOINT WARNING * * *
The giant cockroach attacks as you move away!
The giant cockroach bites you.
* * * LOW HITPOINT WARNING * * *
The giant cockroach bites you.
* * * LOW HITPOINT WARNING * * *
The giant cockroach attacks as you move away!
The giant cockroach closely misses you.
The giant cockroach attacks as you move away!
The giant cockroach bites you but does no damage.
The giant cockroach misses you. You block the giant cockroach's attack.
You see here a +0 rapier {short}.
The giant cockroach attacks as you move away!
The giant cockroach closely misses you.
The giant cockroach attacks as you move away!
The giant cockroach barely misses you. x2
The giant cockroach attacks as you move away!
You block the giant cockroach's attack.
The giant cockroach attacks as you move away!
The giant cockroach closely misses you. You block the giant cockroach's attack.
The giant cockroach attacks as you move away!
The giant cockroach bites you but does no damage.
The giant cockroach bites you but does no damage.
Your +1 dagger of flaming {short} bursts into flame!
a - a +1 dagger of flaming (weapon)
{short} You barely miss the giant cockroach.
You bite the giant cockroach, but do no damage.
The giant cockroach bites you but does no damage.
You hit the giant cockroach but do no damage.
Your bite misses the giant cockroach. The giant cockroach bites you.
The giant cockroach bites you but does no damage.
You closely miss the giant cockroach.
The giant cockroach bites you but does no damage.
You hit the giant cockroach. You burn the giant cockroach.
You bite the giant cockroach, but do no damage.
You block the giant cockroach's attack.
You hit the giant cockroach. You burn the giant cockroach.
You kill the giant cockroach!
You hit the orc. You burn the orc. Your bite misses the orc.
The orc hits you with a +0 dagger.
You hit the orc. You burn the orc. You bite the orc.
You kill the orc!
You block the orc's attack.
The orc priest hits you but does no damage.
Things that are here:
a +0 dagger {short}; an orc corpse You hit the orc.
You burn the orc. You hit the orc. You burn the orc.
You bite the orc, but do no damage. The orc hits you with a +0 club.
The orc priest hits you from afar with a +0 trident.
You are too injured to fight recklessly!
You are too injured to fight recklessly!
You barely miss the orc. You bite the orc. You drain its power.
You feel invigorated. The orc hits you but does no damage.
The orc priest hits you from afar with a +0 trident.
You hit the orc. You burn the orc.
You kill the orc!
The orc priest barely misses you.
The orc priest mumbles some strange prayers to Beogh against you.
You struggle to resist.
Things that are here:
a +0 club {mace}; a +0 leather armour You barely miss the orc priest.
The orc priest mumbles some strange prayers to Beogh against you.
Beogh smites you!
* * * LOW HITPOINT WARNING * * *
You hit the orc priest. You burn the orc priest.
The orc priest looks braver for a moment.
You hit the orc priest. You burn the orc priest.
Your bite misses the orc priest. You hit the orc priest.
You burn the orc priest. The orc priest barely misses you.
You barely miss the orc priest.
The orc priest invokes the aid of Beogh against you.
Beogh smites you!
Ouch! That really hurt!
You die...

Skill      XL: |  1  2  3 |
---------------+----------+-----
Short Blades   | 2 3 |  3.2
Stealth        | 1 2 |  2.3
Fighting       | 3 |  3.3
Armour         | |  2.4
Shields        | |  2.6

Action                   |  1- 3 |  4- 6 || total
-------------------------+-------+-------++-------
Melee: Rapier            |    10 |       ||    10
       Dagger            |    48 |    20 ||    68
       Bite              |     9 |     7 ||    16
 Fire: Sling             |    51 |    18 ||    69
Armor: Scale mail        |    18 |    11 ||    29
Dodge: Dodged            |    30 |     9 ||    39
Block: Buckler           |    10 |     5 ||    15

Levels and vault maps discovered:
D:1:      dpeg_arrival_rhombus, layout_basic, ebering_ecumenical_altar_hall
D:2:      layout_basic, solitary_fountain, minmay_box_of_dots, uniq_sigmund
D:3:      cheibrodos_old_hovel, layout_loops_ring,
          grunt_dithmenos_smoke_and_mirrors

Notes
Turn   | Place    | Note
-------+----------+-------------------------------------------
     0 | D:1      | Sobieck the Vine Stalker Fighter began the quest for the
                  | Orb.
     0 | D:1      | Reached XP level 1. HP: 11/11 MP: 2/2
    28 | D:1      | Reached skill level 2 in Short Blades
    45 | D:1      | Reached XP level 2. HP: 13/16 MP: 3/3
   116 | D:1      | Reached skill level 1 in Stealth
   137 | D:1      | You add the spells Conjure Flame, Ignite Poison and Sticky
                  | Flame to your library.
   524 | D:1      | Reached skill level 3 in Fighting
   524 | D:1      | Reached XP level 3. HP: 20/20 MP: 4/4
   587 | D:1      | Found a faded altar of an unknown god.
  1034 | D:2      | Noticed Sigmund
  1116 | D:3      | Reached skill level 3 in Short Blades
  1116 | D:3      | Reached skill level 2 in Stealth
  1116 | D:3      | Gained mutation: Your natural rate of healing is unusually
                  | fast. [Vine Stalker growth]
  1116 | D:3      | Reached XP level 4. HP: 24/24 MP: 5/5
  1365 | D:3      | Found a shadowy altar of Dithmenos.
  1633 | D:3      | HP: 6/24 [orc priest/divine providence (12)]
  1677 | D:3      | Killed from afar by an orc priest

Vanquished Creatures
  3 adders (D:3)
  2 worms (D:2)
  2 dart slugs
  2 orcs (D:3)
  2 ball pythons
  4 endoplasms
  2 giant cockroaches
  5 goblins
  6 hobgoblins
  5 kobolds
  2 quokkas
  3 bats (D:3)
  5 frilled lizards
  5 rats (D:1)
48 creatures vanquished.

Vanquished Creatures (others)
  A plant (D:3)
1 creature vanquished.

Grand Total: 49 creatures vanquished

Table legend:
 A = Non-vault XP
 B = Vault XP
 C = Vault XP percentage of total XP
 D = Non-vault monster count
 E = Vault monster count
 F = Vault count percentage of total count
                 A         B        C        D         E       F
            +---------+---------+-------+---------+---------+-------
      Total |     113 |      13 |  10.3 |      47 |       1 |   2.1
            +---------+---------+-------+---------+---------+-------
        D:1 |      40 |       0 |   0.0 |      24 |       0 |   0.0
        D:2 |      21 |       0 |   0.0 |       9 |       0 |   0.0
        D:3 |      52 |      13 |  20.0 |      14 |       1 |   6.7
            +---------+---------+-------+---------+---------+-------

Illustrated notes

Table legend:
 A = Kills in this place as a percentage of kills in entire the game.
 B = Kills by you in this place as a percentage of kills by you in the entire game.
 C = Kills by friends in this place as a percentage of kills by friends in the entire game.
 D = Other kills in this place as a percentage of other kills in the entire game.
 E = Experience gained in this place as a percentage of experience gained in the entire game.
 F = Experience gained in this place divided by the number of levels of this place that you have seen.
                   A       B       C       D       E      F
               +-------+-------+-------+-------+-------+----------------------
         Total | 100.0 | 100.0 |   N/A |   N/A | 100.0 |  42.0
       Dungeon | 100.0 | 100.0 |   N/A |   N/A | 100.0 |  42.0
               +-------+-------+-------+-------+-------+----------------------

Table legend: (Time is in decaauts)
 A = Elapsed time spent in this place.
 B = Non-inter-level travel time spent in this place.
 C = Inter-level travel time spent in this place.
 D = Time resting spent in this place.
 E = Time spent auto-exploring this place.
 F = Levels seen in this place.
 G = Mean time per level.
                   A        B        C        D        E       F      G
               +--------+--------+--------+--------+--------+-----+--------+
         Total |   1696 |   1662 |     34 |      0 |   1308 |   3 |  565.3 |
       Dungeon |   1696 |   1662 |     34 |      0 |   1308 |   3 |  565.3 |
               +--------+--------+--------+--------+--------+-----+--------+

Top non-repeatable levels by time:
     D:1: 649 daAuts
     D:3: 626 daAuts
     D:2: 420 daAuts
